 Dungeon Crawl Stone Soup version bcrawl-1.26.1 (webtiles) character file.

Game seed: 15103601443898456669

175791 Goodini51 the Poker (level 6, -1/49 HPs)
             Began as a Merfolk Wanderer on July 13, 2020.
             Killed by divine providence
             ... invoked by an orc priest
              (12 damage)
             ... on level 3 of the Dungeon.
             The game lasted 00:12:28 (2441 turns).

Goodini51 the Poker (Merfolk Wanderer)              Turns: 2441, Time: 00:12:28

Health: -1/49      AC:  3    Str: 12    XL:     6   Next: 2%
Magic:  6/6        EV: 13    Int: 15    God:
Gold:   150        SH:  0    Dex: 12    Spells: 5/5 levels left

rFire    + . .     SeeInvis +   a - +2 spear
rCold    x . .     Gourm    .   (no shield)
rNeg     . . .     Faith    .   d - +0 robe
rPois    .         Spirit   .   (no helmet)
rElec    .         Reflect  .   g - +0 cloak
rCorr    .         Harm     .   (no gloves)
MR       .....                  (no boots)
Stlth    +++.......             (no amulet)
HPRegen  0.16/turn              c - ring of see invisible
MPRegen  0.10/turn              r - ring of fire (curse)

@: no status effects
A: change form in water, swift swim, stealthy swim
a: no special abilities


You were on level 3 of the Dungeon.
You were not hungry.

You visited 1 branch of the dungeon, and saw 3 of its levels.

You collected 150 gold pieces.

Inventory:

Hand Weapons
 a - a +2 spear (weapon)
 b - a +0 mace
 f - a +0 dagger
Missiles
 p - 87 javelins (quivered)
Armour
 d - a +0 robe (worn)
 g - a +0 cloak (worn)
Jewellery
 c - a ring of see invisible (left hand)
 r - a cursed ring of fire (right hand)
Wands
 n - a wand of random effects (5)
Scrolls
 j - 2 scrolls of remove curse {unknown}
 k - 3 scrolls of teleportation {unknown}
 l - 2 scrolls of fog {unknown}
 o - 4 scrolls of fear
 s - a scroll of noise {unknown}
 t - a scroll of enchant weapon {unknown}
 u - a scroll of magic mapping {unknown}
Potions
 h - 5 potions of heal wounds {unknown}
 i - a potion of lignification {unknown}
 m - 2 potions of magic {unknown}
 q - 2 potions of resistance {unknown}
Comestibles
 e - 3 rations {!d}


   Skills:
 * Level 4.5 Fighting
 * Level 6.3 Polearms
   Level 1.0 Crossbows
 + Level 1.0 Armour
 + Level 2.6 Dodging
 + Level 4.4 Stealth


You had 5 spell levels left.
You didn't know any spells.
Your spell library was empty.

Dungeon Overview and Level Annotations

Branches:
Dungeon (3/12)

Altars:
Cheibriados
Dithmenos
Fedhas
Kikubaaqudgha


Message History

The orc wizard closely misses you.
The orc priest hits you from afar with a +0 trident.
You hit the orc wizard.
You kill the orc wizard!
You have reached level 6!
Your experience leads to an increase in your attributes!
Increase (S)trength, (I)ntelligence, or (D)exterity?
You feel stronger.
You are too injured to fight recklessly!
Things that are here:
a +0 dagger; a +0 robe The orc priest mumbles some strange prayers to Beogh against you.
Pain shoots through your body!
The orc priest mumbles some strange prayers to Beogh against you.
Pain shoots through your body!
* * * LOW HITPOINT WARNING * * *
There is a stone staircase leading up here.
The orc priest calls down the wrath of Beogh upon you.
Beogh smites you!
You die...

####### #......
######## ##.#.# #
#@.....####..#.# #
#....o.......).# #
#......##...######
#................#
#......##.######..
#......##.# #....
###......##.####.##.
##...................
##................###.


You could see an orc priest.

Vanquished Creatures
  An orc priest (D:3)
  3 orc wizards (D:3)
  A hound skeleton (D:3)
  2 adders (D:3)
  2 oozes (D:3)
  3 worms (D:3)
  3 dart slugs
  8 leopard geckos
  5 orcs
  A ball python (D:2)
  4 giant cockroaches
  3 goblins (D:2)
  5 hobgoblins
  A jackal (D:1)
  A quokka (D:2)
  5 bats (D:2)
  A frilled lizard (D:2)
  3 kobolds
  5 rats
57 creatures vanquished.

Notes
Turn   | Place    | Note
-------+----------+-------------------------------------------
     0 | D:1      | Goodini51 the Merfolk Wanderer began the quest for the Orb.
     0 | D:1      | Goodini51 set off with the following items: a +2 spear, a
                  | +0 mace, a potion of curing, a +0 robe, a ration {!d}, a +0
                  | dagger
     0 | D:1      | Reached XP level 1. HP: 18/18 MP: 1/1
   173 | D:1      | Reached XP level 2. HP: 20/24 MP: 2/2
   634 | D:1      | Reached skill level 4 in Polearms
   976 | D:2      | Reached XP level 3. HP: 28/29 MP: 3/3
  1000 | D:2      | Found a shadowy altar of Dithmenos.
  1430 | D:2      | Found an ancient bone altar of Kikubaaqudgha.
  1430 | D:2      | Found a blossoming altar of Fedhas.
  1604 | D:3      | Found a snail-covered altar of Cheibriados.
  1612 | D:3      | Reached XP level 4. HP: 29/37 MP: 4/4
  1683 | D:3      | Reached skill level 5 in Polearms
  1834 | D:3      | Reached skill level 1 in Dodging
  1834 | D:3      | Reached XP level 5. HP: 26/42 MP: 5/5
  1994 | D:3      | Reached skill level 6 in Polearms
  2427 | D:3      | Reached XP level 6. HP: 26/49 MP: 6/6
  2441 | D:3      | Killed from afar by an orc priest

Skill      XL: |  1  2  3  4  5 |
---------------+----------------+-----
Polearms       | 4 5 6 |  6.3
Stealth        | 4 |  4.4
Fighting       | 4 |  4.5
Dodging        | 1 2 |  2.6
Crossbows      | |  1.0
Armour         | |  1.0

Action                   |  1- 3 |  4- 6 || total
-------------------------+-------+-------++-------
Melee: Spear             |   118 |   125 ||   243
Throw: Javelin           |       |     3 ||     3
  Use: Scroll            |     1 |       ||     1
       Potion            |       |     2 ||     2
 Stab: Sleeping          |    14 |       ||    14
  Eat: Chunk             |     2 |     3 ||     5
Armor: Robe              |    17 |    21 ||    38
Dodge: Dodged            |    33 |    64 ||    97
